[Event "Early-Titled-Tuesday-Blitz-October-24-2023"]
[Site "Chess.com"]
[Date "2023.10.24"]
[Round "9"]
[White "FairChess_on_YouTube"]
[Black "Grischuk"]
[Result "1/2-1/2"]
[WhiteElo "3096"]
[BlackElo "3002"]
[TimeControl "180+1"]
[EndTime "9:45:09 PDT"]
[Termination "Game drawn by repetition"]

1. d4 Nf6 2. c4 e6 3. Nf3 d5 4.
Bg5 dxc4 5. e4 c5 6. Nc3 cxd4 7. Qxd4 Qxd4 8. Nxd4 h6 9. Bh4 Bd7 10. Bxc4 Nc6 11.
Nxc6 Bxc6 12. f3 Nd7 13. Rc1 Bc5 14. Bf2 Bxf2+ 15. Kxf2 Ke7 16. Rhd1 Ne5 17. Be2 g5 18. Ke3 Rad8 19. b4 Rxd1 20. Rxd1 Rc8 21. Rc1 Bd7 22. a3 Nc4+ 23. Bxc4 Rxc4 24. Kd3 Rc8 25. Kd4 Rd8 26. Ke3 Rc8 27. Kd4 Rd8 28. Ke3 Rc8 29. e5 Rc4 30. Ne2 Rxc1 31. Nxc1 f5 32. g3 Bc6 33. Nb3 Bd5 34. Nd4 Kd7 35. f4 g4 36. Kd2 Bc4 37.
Kc3 Bf1 38. b5 Bg2 39. Kb4 b6 40. a4 Bd5 41. a5 Be4 42. Nb3 Bd5 43. Nd2 Kc7 44. Nf1 Be4 45. Ne3 Bd3 46. Nd1 Be4 47.
Nb2 Bd5 48. Na4 Be4 49. Nc3 Bf3 50. Nb1 Be4 51. Nd2 Bd5 52. Nf1 Bf3 53. Ne3 Be2 54. Nc2 Bf3 55. Nd4 Bd5 56. Ka4 Kd7 57. Nc2 Bf3 58.
Ne3 Be2 59. Kb4 Kc7 60. Ka4 Kd7 61. a6 Kc7 62. Kb4 Kd7 63. Nc2 Bf3 64. Nd4 Bd5 65.
Kc3 Kc7 66. Kd2 Kd7 67. Ke3 Kc7 68. Kf2 Kd7 69. Kg1 Kc7 70. h3 h5 71. Kh2 Kd7 72. h4 Kc7 73. Kg1 Kd7 74. Kf2 Kc7 75. Ke3 Kd7 76. Kd3 Kc7 77. Kc3 Kd7 78. Nc2 Bf3 79. Ne3 Be2 80. Kb4 Kc7 81. Nc2 Bf3 82. Na3 Be2 83. Nb1 Bf3 84. Nc3 Kd7 85. Na4 Kc7 86. Nb2 Be2 87. Ka4 Kd7 88. Kb4 Kc7 89. Na4 Bf3 90.
Nc3 Kd7 91. Nb1 Kc7 92. Nd2 Bd5 93. Nf1 Bf3 94. Ne3 Be2 95. Nc2 Bf3 96. Kc3 Kd7 97.
Nb4 Kc7 98. Kd4 Kd7 99. Kc3 Kc7 100. Nc2 Kd7 1/2-1/2

[Event "Early-Titled-Tuesday-Blitz-October-24-2023"]
[Site "Chess.com"]
[Date "2023.10.24"]
[Round "9"]
[White "mind1mover"]
[Black "the_chess_child"]
[Result "1/2-1/2"]
[WhiteElo "2811"]
[BlackElo "2942"]
[TimeControl "180+1"]
[EndTime "9:45:20 PDT"]
[Termination "Game drawn - insufficient material"]

1. Nf3 Nf6 2. b3 g6 3. Bb2 Bg7 4. g3 O-O 5. Bg2 d6 6. d4 c5 7. O-O cxd4 8. Nxd4 d5 9. c4 e5 10. Nf3 e4 11. Nd4 dxc4 12. bxc4 Qb6 13. Nb3 Nc6 14.
Nc3 Bf5 15. c5 Qc7 16. Nb5 Qe7 17. Qd6 Rfd8 18. Qxe7 Nxe7 19. Rad1 b6 20. Nd6 Bg4 21. f3 exf3 22. exf3 Be6 23. Bxf6 Bxf6 24. f4 bxc5 25. Bxa8 Bxb3 26. axb3 Bd4+ 27. Kg2 Rxd6 28. Be4 Rb6 29. Rb1 Kg7 30. Rfd1 f5 31. Bf3 Kf6 32. b4 Kf7 33.
bxc5 Bxc5 34. Rxb6 axb6 35. Rd8 Ke6 36. Rh8 h5 37. Kf1 Kf7 38. Rb8 Ke6 39. Ke2 Kf7 40. h3 Kf6 41. Rb7 Kf7 42. Kf1 Ke6 43. Be2 Nc6 44.
Bc4+ Kd6 45. Rg7 Ne7 46. Bf7 Bd4 47. Rh7 b5 48. Bb3 b4 49. Ke2 Bc3 50. Rf7 Bd4 51.
Kd3 Bf2 52. Ke2 Bxg3 53. Kf3 Be1 54. Rf6+ Kd7 55. Ba4+ Kc7 56. Re6 Nd5 57. Rxe1 Kd6 58. Rd1 Kc5 59. Bb3 Nc3 60. Rd8 Ne4 61. Rc8+ Kd4 62. Rc4+ Kd3 63. Rxb4 Kc3 64. Rb6 Nd2+ 65. Kg3 Nxb3 66. Rxg6 Nd4 67. Rg5 h4+ 68. Kxh4 Kd3 69. Kh5 Ke4 70. Kg6 Kxf4 71. Rg1 Ke3 72. h4 f4 73. h5 f3 74. h6 f2 75. Rh1 Nf3 76.
Ra1 Ne1 77. Ra3+ Ke4 78. Ra4+ Kf3 79. Ra8 Kg3 80. Rf8 Nf3 81. h7 f1=Q 82. h8=Q Qd3+ 83.
Kg7 Qd4+ 84. Rf6 Ne5 85. Qb8 Qg4+ 86. Kf8 Qd4 87. Re6 Kf4 88. Ke7 Kf5 89. Qf8+ Ke4 90. Rd6 Qc5 91. Qf6 Qc7+ 92. Ke8 Qc8+ 93. Qd8 Qf5 94. Qa8+ Kf4 95. Qa4+ Kg5 96. Kd8 Qf8+ 97. Kc7 Qe7+ 98. Rd7 Nxd7 99. Qxd7 Qxd7+ 100. Kxd7 1/2-1/2

[Event "Early-Titled-Tuesday-Blitz-October-24-2023"]
[Site "Chess.com"]
[Date "2023.10.24"]
[Round "10"]
[White "Josgar05"]
[Black "Sofia_Blokhin"]
[Result "0-1"]
[WhiteElo "2339"]
[BlackElo "2263"]
[TimeControl "180+1"]
[EndTime "9:47:36 PDT"]
[Termination "Sofia_Blokhin won by checkmate"]

1. Nf3 g6 2. d4 Bg7 3. c4 f5 4. g3 Nf6 5. Bg2 O-O 6. O-O d6 7. d5 e5 8. dxe6 Bxe6 9. Nd4 Bc8 10. Qb3 c6 11. Bf4 Nh5 12. Be3 f4 13. gxf4 Nxf4 14. Bf3 Bh3 15. Bxf4 Rxf4 16. Rd1 Rxd4 17. Rxd4 Bxd4 18.
Qxb7 Qg5+ 19. Kh1 Qc1# 0-1

[Event "Early-Titled-Tuesday-Blitz-October-24-2023"]
[Site "Chess.com"]
[Date "2023.10.24"]
[Round "10"]
[White "Nbk90"]
[Black "Chernov_Mikhail"]
[Result "1-0"]
[WhiteElo "2231"]
[BlackElo "2400"]
[TimeControl "180+1"]
[EndTime "9:47:53 PDT"]
[Termination "Nbk90 won by resignation"]

1. e4 c5 2. Nc3 Nc6 3. Nf3 d6 4. Bb5 Bd7 5. d4 cxd4 6. Nxd4 Nxd4 7. Bxd7+ Qxd7 8. Qxd4 Nf6 9. Bg5 Qg4 10. Bxf6 Qxg2 11. O-O-O gxf6 12. Nd5 Rc8 13. Qa4+ Rc6 14. Qxa7 Qxe4 15.
Qa8+ Kd7 16. Qxb7+ 1-0

[Event "Early-Titled-Tuesday-Blitz-October-24-2023"]
[Site "Chess.com"]
[Date "2023.10.24"]
[Round "10"]
[White "Fan_Of_Chucky"]
[Black "djokovic74"]
[Result "0-1"]
[WhiteElo "2524"]
[BlackElo "2691"]
[TimeControl "180+1"]
[EndTime "9:48:19 PDT"]
[Termination "djokovic74 won by resignation"]

1. d4 e6 2. c4 Nf6 3. Nf3 Bb4+ 4. Bd2 Qe7 5. g3 Nc6 6. e3 Bxd2+ 7. Qxd2 O-O 8. Nc3 d6 9. Bg2 Rd8 10. O-O e5 11.
Nd5 Nxd5 12. cxd5 Nb8 13. Qc2 Bg4 14. Rac1 Bxf3 15. Bxf3 Rc8 16. dxe5 Qxe5 17. Bg4 Rf8 18. Qxc7 Na6 19. Qxb7 Nc5 20. b3 Nxb7 0-1

[Event "Early-Titled-Tuesday-Blitz-October-24-2023"]
[Site "Chess.com"]
[Date "2023.10.24"]
[Round "10"]
[White "CristianS27"]
[Black "Fonsofan"]
[Result "1-0"]
[WhiteElo "2572"]
[BlackElo "2725"]
[TimeControl "180+1"]
[EndTime "9:48:42 PDT"]
[Termination "CristianS27 won by resignation"]

1. e4 c6 2. d4 d5 3. exd5 cxd5 4. c4 Nf6 5. Nc3 e6 6. c5 b6 7. b4 a5 8. Na4 Nfd7 9. Bb5 Ba6 10. Qe2 Bxb5 11.
Qxb5 bxc5 12. bxc5 Qc8 13. Nb6 Qa6 14. Nxa8 Qxa8 15.
Nf3 f6 16. O-O Nc6 17. Re1 Kf7 18. Bd2 Be7 19. Rab1 Rc8 20. Qb7 g5 21. Qxd7 1-0

[Event "Early-Titled-Tuesday-Blitz-October-24-2023"]
[Site "Chess.com"]
[Date "2023.10.24"]
[Round "10"]
[White "GeorgiosSouleidis"]
[Black "JG-17"]
[Result "1-0"]
[WhiteElo "2611"]
[BlackElo "2489"]
[TimeControl "180+1"]
[EndTime "9:48:44 PDT"]
[Termination "GeorgiosSouleidis won by resignation"]

1. e4 c5 2. Be2 Nc6 3. d3 g6 4. f4 Bg7 5. Nf3 d6 6. O-O Nf6 7. c3 O-O 8. Kh1 b5 9. a3 Rb8 10. Be3 a5 11. Nbd2 b4 12. d4 cxd4 13. cxd4 bxa3 14. bxa3 Ng4 15. Bg1 e5 16. fxe5 dxe5 17.
d5 Nd4 18. Nxd4 exd4 19. Bxg4 Qg5 20. Bxc8 Rb2 21. Rf2 Rxc8 22. Nf3 1-0

[Event "Early-Titled-Tuesday-Blitz-October-24-2023"]
[Site "Chess.com"]
[Date "2023.10.24"]
[Round "10"]
[White "Rud_Makarian"]
[Black "WhiteKnight2612"]
[Result "1-0"]
[WhiteElo "2977"]
[BlackElo "2830"]
[TimeControl "180+1"]
[EndTime "9:48:45 PDT"]
[Termination "Rud_Makarian won by resignation"]

1. d4 Nf6 2. c4 c5 3. d5 e6 4. Nc3 exd5 5. cxd5 d6 6. e4 g6 7. h3 Bg7 8. Nf3 O-O 9. Bd3 b5 10. Nxb5 Nxe4 11. Bxe4 Re8 12. Nd2 f5 13. O-O fxe4 14. Nc4 Qh4 15. Nbxd6 Bxh3 16. gxh3 Bd4 17. Qg4 1-0

[Event "Early-Titled-Tuesday-Blitz-October-24-2023"]
[Site "Chess.com"]
[Date "2023.10.24"]
[Round "10"]
[White "ATM622"]
[Black "gpsji27"]
[Result "1-0"]
[WhiteElo "2422"]
[BlackElo "2294"]
[TimeControl "180+1"]
[EndTime "9:48:55 PDT"]
[Termination "ATM622 won by resignation"]

1. d4 d5 2. c4 e6 3. Nf3 Nf6 4. g3 Be7 5. Bg2 O-O 6. O-O dxc4 7. Ne5 Nc6 8. Bxc6 bxc6 9. Nxc6 Qe8 10. Nxe7+ Qxe7 11. Qc2 c5 12. Qxc4 cxd4 13. Qxd4 e5 14.
Qh4 Ba6 15. Nc3 Rab8 16. Bg5 Qe6 17. Bxf6 Qxf6 18. Qxf6 gxf6 19. b3 Rfc8 20. Nd5 Kg7 21. Rfe1 Rd8 22. Rad1 Rb7 23. e4 Rbd7 24. f4 exf4 25.
gxf4 f5 26. Ne3 Rxd1 27. Rxd1 Rxd1+ 28. Nxd1 fxe4 29. Kf2 f5 30. Ke3 Kf6 31. Kd4 Bd3 32. Ne3 Ke6 33. Kc5 Bb1 34. a4 Bd3 35. b4 Kf6 36. b5 Kg6 37. Kc6 Kh5 38. Kb7 Kh4 39.
Kxa7 1-0

[Event "Early-Titled-Tuesday-Blitz-October-24-2023"]
[Site "Chess.com"]
[Date "2023.10.24"]
[Round "10"]
[White "Apocalyps999"]
[Black "Cheer_Down"]
[Result "0-1"]
[WhiteElo "2283"]
[BlackElo "2416"]
[TimeControl "180+1"]
[EndTime "9:49:02 PDT"]
[Termination "Cheer_Down won by resignation"]

1. e4 c5 2. c3 Nf6 3. e5 Nd5 4. Nf3 Nc6 5. d4 cxd4 6. cxd4 d6 7.
Bc4 dxe5 8. dxe5 Ndb4 9. Qb3 e6 10. a3 Na5 11. Bb5+ Bd7 12. Bxd7+ Qxd7 13. Qd1 Nd3+ 14. Ke2 Nxc1+ 15. Qxc1 Nb3 16. Qc3 Qb5+ 17. Ke1 Nxa1 18.
b4 a5 19. Qxa1 axb4 20. Nd4 Qd3 21. a4 b3 22. Qb2 Bb4+ 23. Nd2 Bc3 0-1

[Event "Early-Titled-Tuesday-Blitz-October-24-2023"]
[Site "Chess.com"]
[Date "2023.10.24"]
[Round "10"]
[White "ExchangeAB"]
[Black "Alexchess1984"]
[Result "0-1"]
[WhiteElo "2550"]
[BlackElo "2702"]
[TimeControl "180+1"]
[EndTime "9:49:04 PDT"]
[Termination "Alexchess1984 won by resignation"]

1. d4 Nf6 2. Nc3 d5 3. Bf4 e6 4. e3 Bd6 5. Bd3 O-O 6. g4 Bxf4 7. exf4 c5 8. g5 Nfd7 9. Nce2 c4 10. Bxh7+ Kxh7 11.
Ng3 Kg8 12. h4 Qc7 13. Qg4 e5 14. f5 exd4 15. f4 Re8+ 16. Kf1 d3 17. h5 Nc6 18. g6 Nf6 19. Qg5 Ne4 20. Nxe4 Rxe4 21. Nh3 f6 22.
Qh4 Bxf5 23. h6 Bxh3+ 24. Qxh3 Qxf4+ 0-1

[Event "Early-Titled-Tuesday-Blitz-October-24-2023"]
[Site "Chess.com"]
[Date "2023.10.24"]
[Round "10"]
[White "Nasrin_Babayeva"]
[Black "campochess"]
[Result "0-1"]
[WhiteElo "1782"]
[BlackElo "2198"]
[TimeControl "180+1"]
[EndTime "9:49:09 PDT"]
[Termination "campochess won by resignation"]

1. e4 c5 2. d3 Nc6 3. f4 e6 4. c3 Nge7 5. Be3 d6 6. Nd2 f5 7.
Be2 g6 8. Ngf3 Bg7 9. O-O O-O 10. Qc2 Rb8 11. a4 a6 12. d4 fxe4 13. Nxe4 Nd5 14. Bf2 cxd4 15. Nxd4 Nxf4 16. Bxa6 Nxd4 0-1

[Event "Early-Titled-Tuesday-Blitz-October-24-2023"]
[Site "Chess.com"]
[Date "2023.10.24"]
[Round "10"]
[White "Krakozia"]
[Black "AlexPapasimakopoulos"]
[Result "1-0"]
[WhiteElo "2942"]
[BlackElo "2690"]
[TimeControl "180+1"]
[EndTime "9:49:19 PDT"]
[Termination "Krakozia won by resignation"]

1. e4 e6 2. d4 d5 3. exd5 exd5 4. Nf3 Bg4 5. h3 Bh5 6. Nc3 Bb4 7. Bd3 Nc6 8. O-O Nge7 9. a3 Bxc3 10. bxc3 Qd7 11.
Rb1 O-O-O 12. Re1 f6 13. Qe2 b6 14. g4 Bg6 15. Qe6 Bf7 16. Qxf7 Kb7 17. Qe6 Qe8 18. c4 Rd6 19. Qe2 dxc4 20. Be4 Qd7 21. Bf4 Re6 22.
Bxc6+ Rxc6 23. Qxe7 1-0

[Event "Early-Titled-Tuesday-Blitz-October-24-2023"]
[Site "Chess.com"]
[Date "2023.10.24"]
[Round "10"]
[White "tusplingher"]
[Black "Adnan_Habib"]
[Result "1-0"]
[WhiteElo "2502"]
[BlackElo "2341"]
[TimeControl "180+1"]
[EndTime "9:49:24 PDT"]
[Termination "tusplingher won by checkmate"]

1. e4 c5 2. b3 Nc6 3. Bb2 Nf6 4.
e5 Nd5 5. Bc4 Nc7 6. Nf3 d5 7.
exd6 Qxd6 8. O-O Bf5 9. d4 Rd8 10. Nc3 Nxd4 11. Nxd4 cxd4 12. Nb5 Nxb5 13. Bxb5+ Bd7 14.
Bxd7+ Qxd7 15. Qf3 e6 16. Rad1 Bc5 17. Qh5 Bb6 18. Rfe1 O-O 19. Rd3 Qd5 20. Qh4 e5 21. Rg3 Rd6 22. Qg5 g6 23. Qxe5 Re6 24. Rg5 Rfe8 25.
f4 d3+ 26. Kh1 d2 27. Qh8# 1-0

[Event "Early-Titled-Tuesday-Blitz-October-24-2023"]
[Site "Chess.com"]
[Date "2023.10.24"]
[Round "10"]
[White "GlavkonVVS"]
[Black "KVAIDAN"]
[Result "1-0"]
[WhiteElo "2534"]
[BlackElo "2388"]
[TimeControl "180+1"]
[EndTime "9:49:29 PDT"]
[Termination "GlavkonVVS won by checkmate"]

1. c4 f5 2. Nc3 Nf6 3. g3 d6 4. Bg2 e5 5. d3 Be7 6. Nf3 O-O 7. O-O Nc6 8. Rb1 a5 9. a3 Qe8 10. b4 axb4 11. axb4 Qh5 12. b5 Nd8 13. c5 Ne6 14. cxd6 cxd6 15. e3 Qh6 16. Qb3 Kh8 17. Ba3 f4 18. exf4 exf4 19. Rfe1 Ng4 20. h3 Ne5 21. Nxe5 fxg3 22. fxg3 Nd4 23. Nf7+ Rxf7 24. Qxf7 Bxh3 25. Rxe7 Rg8 26. Re8 Be6 27. Rxg8# 1-0

[Event "Early-Titled-Tuesday-Blitz-October-24-2023"]
[Site "Chess.com"]
[Date "2023.10.24"]
[Round "10"]
[White "salomez"]
[Black "ferrufino64"]
[Result "1-0"]
[WhiteElo "2348"]
[BlackElo "2199"]
[TimeControl "180+1"]
[EndTime "9:49:29 PDT"]
[Termination "salomez won by resignation"]

1. e4 c5 2. Nf3 d6 3. d4 cxd4 4.
Nxd4 Nf6 5. Nc3 g6 6. Be2 Bg7 7. O-O Nc6 8. Nb3 O-O 9. Bg5 h6 10. Bh4 a6 11. f4 b5 12. Bf3 Bb7 13. Kh1 Rc8 14. Re1 Qc7 15. Nd5 Rfd8 16. Nxc7 Rxc7 1-0

[Event "Early-Titled-Tuesday-Blitz-October-24-2023"]
[Site "Chess.com"]
[Date "2023.10.24"]
[Round "10"]
[White "gau248"]
[Black "oggy1984"]
[Result "0-1"]
[WhiteElo "2584"]
[BlackElo "2465"]
[TimeControl "180+1"]
[EndTime "9:49:34 PDT"]
[Termination "oggy1984 won by resignation"]

1. d4 d5 2. c4 c6 3. Nc3 Nf6 4. Nf3 dxc4 5. a4 Bf5 6. Ne5 Nbd7 7. Nxc4 e6 8. e3 Bb4 9. Be2 O-O 10. O-O Re8 11. f3 e5 12. dxe5 Nxe5 13. Qxd8 Raxd8 14. Nxe5 Rxe5 15. e4 Bc8 16. Bf4 Ree8 17. Rad1 Ba5 18. Bd6 Bb6+ 19. Kh1 Re6 20. e5 Nh5 21. Bc4 Ng3+ 0-1

[Event "Early-Titled-Tuesday-Blitz-October-24-2023"]
[Site "Chess.com"]
[Date "2023.10.24"]
[Round "10"]
[White "Malev212"]
[Black "angryspacevoid"]
[Result "1-0"]
[WhiteElo "2642"]
[BlackElo "2515"]
[TimeControl "180+1"]
[EndTime "9:49:36 PDT"]
[Termination "Malev212 won by resignation"]

1. d4 d5 2. c4 Nc6 3. Nf3 Bg4 4.
e3 e5 5. Qb3 Bxf3 6. gxf3 exd4 7.
cxd5 Nb4 8. e4 a5 9. a3 a4 10. Qd1 c5 11. axb4 Qb6 12. Na3 cxb4 13. Nc4 Qc7 14.
Qxd4 Nf6 15. Be3 Nd7 16. d6 Qc6 17. Bh3 b5 18. Bxd7+ 1-0

[Event "Early-Titled-Tuesday-Blitz-October-24-2023"]
[Site "Chess.com"]
[Date "2023.10.24"]
[Round "10"]
[White "whiteglovethief"]
[Black "PinaSoprano"]
[Result "1-0"]
[WhiteElo "2442"]
[BlackElo "2240"]
[TimeControl "180+1"]
[EndTime "9:49:36 PDT"]
[Termination "whiteglovethief won by resignation"]

1. d4 d5 2. c4 e6 3. Nf3 h6 4.
g3 Nf6 5. Bg2 Nc6 6. O-O Bd6 7. Qc2 O-O 8. Nbd2 Re8 9. e4 dxe4 10.
Nxe4 Nxe4 11. Qxe4 e5 12. dxe5 Nxe5 13. Rd1 Bg4 14. Qxb7 Qf6 15. Bf4 Nxf3+ 16. Bxf3 Bxf3 17. Qxf3 g5 18. Qg4 Re4 19. Bxg5 Qg6 20. Qf3 hxg5 21. Rac1 g4 22. Qg2 Re2 23. Qxa8+ Kh7 24. Qd5 1-0

[Event "Early-Titled-Tuesday-Blitz-October-24-2023"]
[Site "Chess.com"]
[Date "2023.10.24"]
[Round "10"]
[White "brm72"]
[Black "Alina_Gumerovna"]
[Result "1-0"]
[WhiteElo "2569"]
[BlackElo "2135"]
[TimeControl "180+1"]
[EndTime "9:49:37 PDT"]
[Termination "brm72 won by resignation"]

1. e4 e6 2. d4 d5 3. e5 c5 4. c3 Nc6 5. Nf3 Qb6 6. Bd3 cxd4 7. O-O Bd7 8. Re1 a5 9. Nbd2 a4 10. Rb1 dxc3 11. bxc3 Qc7 12. c4 d4 13. Ne4 h6 14.
c5 Na5 15. Nd6+ Bxd6 16. cxd6 Qc5 17. Bb2 b5 18. Bxd4 Qd5 19. Be4 Qxa2 20. Bxa8 Nc4 21. Re2 Qa3 22. Nd2 Na5 23. Re3 Qa2 24. Ra1 1-0

[Event "Early-Titled-Tuesday-Blitz-October-24-2023"]
[Site "Chess.com"]
[Date "2023.10.24"]
[Round "10"]
[White "GatoRojo150"]
[Black "ilushka"]
[Result "1-0"]
[WhiteElo "2603"]
[BlackElo "2461"]
[TimeControl "180+1"]
[EndTime "9:49:51 PDT"]
[Termination "GatoRojo150 won by checkmate"]

1. e4 e5 2. Nf3 Nc6 3. Nc3 Nf6 4. Bb5 Bb4 5. O-O d6 6. Nd5 Bc5 7. d4 exd4 8. Bg5 a6 9. Ba4 b5 10. Bxf6 gxf6 11. Bb3 Bg4 12. Qd2 Bxf3 13. gxf3 Ne5 14. Qf4 Rg8+ 15. Kh1 Rg6 16. Rg1 c6 17. Rxg6 hxg6 18.
Nxf6+ Kf8 19. Ng4 Nxg4 20. Qxf7# 1-0

[Event "Early-Titled-Tuesday-Blitz-October-24-2023"]
[Site "Chess.com"]
[Date "2023.10.24"]
[Round "10"]
[White "DefiantChair"]
[Black "xxysoul6"]
[Result "0-1"]
[WhiteElo "2685"]
[BlackElo "2985"]
[TimeControl "180+1"]
[EndTime "9:50:05 PDT"]
[Termination "xxysoul6 won by resignation"]

1. e4 c5 2. Nf3 d6 3. d4 cxd4 4. Nxd4 Nf6 5. Nc3 a6 6. Bg5 e6 7. f4 Qb6 8. Qd3 Qxb2 9. Rb1 Qa3 10. f5 Be7 11. fxe6 Bxe6 12. Nxe6 fxe6 13. Be2 Nbd7 14. Bh5+ g6 15. Bg4 Ne5 16. Qg3 Nexg4 17. Rxb7 Qc5 18. Bd2 Qc6 19. Rb3 O-O 20. Qh3 h5 21. O-O Nxe4 22.
Nxe4 Rxf1+ 23. Kxf1 0-1

[Event "Early-Titled-Tuesday-Blitz-October-24-2023"]
[Site "Chess.com"]
[Date "2023.10.24"]
[Round "10"]
[White "m_ezat"]
[Black "Yeremyan_ChessMate"]
[Result "0-1"]
[WhiteElo "2609"]
[BlackElo "2782"]
[TimeControl "180+1"]
[EndTime "9:50:15 PDT"]
[Termination "Yeremyan_ChessMate won by checkmate"]

1. d4 Nf6 2. c4 g6 3. Nc3 d5 4.
Nf3 Bg7 5. Qb3 dxc4 6. Qb4 O-O 7. Qxc4 Nc6 8. e4 Bg4 9. d5 Na5 10. Qa4 c6 11. Ne5 cxd5 12. Nxg4 Nxg4 13. exd5 Ne5 14. Be2 a6 15. O-O b5 16. Qh4 Nac4 17. Bg5 Re8 18.
b3 Nd6 19. Rac1 Nf5 20. Qh3 Rc8 21. Rfd1 Qa5 22. a4 Nd7 23. Bd2 Nd4 24. Be1 Nc5 25. axb5 Ncxb3 26. Rb1 Rxc3 27. Bxc3 Nxe2+ 28. Kh1 Nxc3 29. Rd3 Nxb1 30. Rxb3 Qe1# 0-1

[Event "Early-Titled-Tuesday-Blitz-October-24-2023"]
[Site "Chess.com"]
[Date "2023.10.24"]
[Round "10"]
[White "Drags95"]
[Black "FairChess_on_YouTube"]
[Result "1/2-1/2"]
[WhiteElo "2873"]
[BlackElo "3091"]
[TimeControl "180+1"]
[EndTime "9:50:18 PDT"]
[Termination "Game drawn by repetition"]

1. d4 Nf6 2. c4 e6 3. Nf3 a6 4.
Nc3 d5 5. c5 b6 6. cxb6 c5 7. Bf4 Bd6 8. Bxd6 Qxd6 9. dxc5 Qxc5 10. Qd4 Nbd7 11. Qxc5 Nxc5 12. Rc1 Ncd7 13. Na4 Ke7 14.
Rc7 Ne8 15. Rc3 Nd6 16. Nd4 Bb7 17. e3 Rhc8 18. Bd3 Rxc3 19. bxc3 Rc8 20. Kd2 Nc4+ 21. Ke2 Na3 22. Kd2 Nc4+ 23. Ke2 Na3 24. Kd2 Nc4+ 1/2-1/2

[Event "Early-Titled-Tuesday-Blitz-October-24-2023"]
[Site "Chess.com"]
[Date "2023.10.24"]
[Round "10"]
[White "NMJeevanK"]
[Black "Lennis93"]
[Result "0-1"]
[WhiteElo "2598"]
[BlackElo "2744"]
[TimeControl "180+1"]
[EndTime "9:50:27 PDT"]
[Termination "Lennis93 won by checkmate"]

1. e4 c5 2. Nc3 Nc6 3. Bb5 Nd4 4. Bc4 a6 5. a4 e6 6. Nge2 Nf6 7. O-O d5 8. exd5 exd5 9. Ba2 Nc6 10. d3 Bd6 11. Nf4 Nb4 12. Re1+ Kf8 13. Bb3 Bg4 14. Qd2 h5 15. h3 Bf5 16. Ncxd5 Nfxd5 17. Nxd5 Nc6 18. a5 Nd4 19. Nb6 Rb8 20. Bc4 Bxh3 21. c3 Nf3+ 22.
gxf3 Rh6 23. Kh1 Rg6 24. Rg1 Qh4 25. Rxg6 Bg4+ 26. Kg1 Qh2+ 27. Kf1 Qh1+ 28. Ke2 Qxf3+ 29. Kf1 Qh1# 0-1

[Event "Early-Titled-Tuesday-Blitz-October-24-2023"]
[Site "Chess.com"]
[Date "2023.10.24"]
[Round "10"]
[White "SanchezKelvin"]
[Black "maurovargas01"]
[Result "1-0"]
[WhiteElo "2555"]
[BlackElo "1872"]
[TimeControl "180+1"]
[EndTime "9:50:32 PDT"]
[Termination "SanchezKelvin won by resignation"]

1. e4 d5 2. exd5 Qxd5 3. Nc3 Qa5 4. d4 c6 5. Nf3 Nf6 6. Bc4 Bg4 7. h3 Bh5 8. g4 Bg6 9. Ne5 e6 10. h4 Be4 11.
Rh3 Bg2 12. Rg3 Bd5 13. Bd3 Be4 14. Nc4 Qb4 15. a3 Qe7 16. Nxe4 Nd5 17. Nc3 Qxh4 18. Nxd5 Qh1+ 19. Bf1 cxd5 20. Ne3 Bd6 21. Rh3 O-O 22. Rxh1 1-0

[Event "Early-Titled-Tuesday-Blitz-October-24-2023"]
[Site "Chess.com"]
[Date "2023.10.24"]
[Round "10"]
[White "MagnusCarlsen"]
[Black "dropstoneDP"]
[Result "1-0"]
[WhiteElo "3278"]
[BlackElo "3094"]
[TimeControl "180+1"]
[EndTime "9:50:38 PDT"]
[Termination "MagnusCarlsen won by resignation"]

1. h4 e5 2. c4 Nf6 3. e3 d5 4. cxd5 Nxd5 5. Nf3 Nc6 6. Nc3 Nxc3 7. bxc3 e4 8. Ng5 f5 9. Qb3 Ne5 10. f4 exf3 11.
d4 h6 12. Ne6 Qd6 13. Nxf8 Nd3+ 14. Bxd3 Qg3+ 15. Kd1 fxg2 16. Rg1 Qf2 17. Qb5+ c6 18.
Qe5+ Kxf8 19. Qh2 Qf3+ 20. Be2 Qe4 21. Qxg2 Qxg2 22. Rxg2 Be6 23. h5 Kf7 24. Ba3 Bd5 25.
Rg3 Rhe8 26. Bd6 Re4 27. Bf4 1-0

[Event "Early-Titled-Tuesday-Blitz-October-24-2023"]
[Site "Chess.com"]
[Date "2023.10.24"]
[Round "10"]
[White "ProfessorChess101"]
[Black "BardArtem"]
[Result "0-1"]
[WhiteElo "2550"]
[BlackElo "2690"]
[TimeControl "180+1"]
[EndTime "9:50:42 PDT"]
[Termination "BardArtem won by resignation"]

1. d4 d5 2. c4 c6 3. cxd5 cxd5 4. Nc3 Nf6 5. Bf4 Nc6 6. e3 a6 7. Be2 Bf5 8. Nf3 e6 9. O-O Be7 10. Qb3 Na5 11. Qd1 O-O 12. Ne5 Rc8 13. Rc1 Nd7 14.
Bd3 Bxd3 15. Qxd3 Nxe5 16. Bxe5 Nc4 17. Bg3 Nxb2 18. Qb1 Ba3 19. Rc2 b5 20. Rxb2 Rxc3 21. Rb3 Qc8 22. Rxa3 Rxa3 23. Bd6 Rc3 24. Bxf8 Qxf8 25.
Qb2 Qa3 26. Qe2 Rc1 27. g3 Rxf1+ 28. Kxf1 Qc3 29. Kg2 Qc4 30. Qb2 b4 31. Qb1 a5 32.
h4 a4 33. h5 h6 34. Qb2 b3 35. axb3 axb3 36. Qa3 Qc2 37. Qa8+ Kh7 0-1

[Event "Early-Titled-Tuesday-Blitz-October-24-2023"]
[Site "Chess.com"]
[Date "2023.10.24"]
[Round "10"]
[White "Lady_Nika"]
[Black "DTChess"]
[Result "1-0"]
[WhiteElo "2495"]
[BlackElo "2648"]
[TimeControl "180+1"]
[EndTime "9:50:47 PDT"]
[Termination "Lady_Nika won by resignation"]

1. e4 e5 2. Nf3 Nc6 3. Bb5 a6 4. Bxc6 dxc6 5. O-O f6 6. d4 exd4 7. e5 fxe5 8. Re1 Nf6 9. Rxe5+ Be7 10. Bg5 O-O 11. Nxd4 Bd6 12. Re1 c5 13. Nf3 Bg4 14. Nbd2 Qd7 15. c3 b5 16. a4 h6 17. Bxf6 Rxf6 18. axb5 Qxb5 19. Ne4 Rff8 20. Qd5+ Kh8 21. Nh4 Qxb2 22. Ng6+ Kh7 23. Nxf8+ Rxf8 24. Rxa6 Bc8 25.
Ra2 Qb6 26. Nxd6 cxd6 27. Rd2 Rf6 28. Re8 Qc7 29. Qg8+ 1-0

[Event "Early-Titled-Tuesday-Blitz-October-24-2023"]
[Site "Chess.com"]
[Date "2023.10.24"]
[Round "10"]
[White "dimitrisl"]
[Black "NovozhilovSemen"]
[Result "0-1"]
[WhiteElo "2582"]
[BlackElo "2716"]
[TimeControl "180+1"]
[EndTime "9:50:53 PDT"]
[Termination "NovozhilovSemen won by resignation"]

1. e4 c5 2. Nf3 Nc6 3. Bb5 g6 4.
O-O Bg7 5. c3 Nf6 6. Re1 O-O 7.
d4 d5 8. e5 Ne4 9. Be3 Qb6 10.
Bxc6 bxc6 11. b3 c4 12. Qc2 f5 13. bxc4 dxc4 14. Nbd2 Nxd2 15. Nxd2 Be6 16. f4 Bd5 17. Reb1 Qa6 18. a4 Rfb8 19. Qa2 e6 20. a5 Bf8 21. Qa4 Rb5 22. Kf2 Rab8 23. Qa2 Be7 24.
g3 Bd8 25. Rxb5 Rxb5 26. Rb1 Qxa5 27. Qc2 Qa3 28. h3 Ba5 0-1

[Event "Early-Titled-Tuesday-Blitz-October-24-2023"]
[Site "Chess.com"]
[Date "2023.10.24"]
[Round "10"]
[White "Kirill_Klukin"]
[Black "AsselLesbekova"]
[Result "1-0"]
[WhiteElo "2627"]
[BlackElo "2268"]
[TimeControl "180+1"]
[EndTime "9:50:57 PDT"]
[Termination "Kirill_Klukin won by resignation"]

1. d4 d5 2. c4 e6 3. Nc3 a6 4.
cxd5 exd5 5. Bf4 h6 6. e3 Nf6 7. Bd3 Bd6 8. Qf3 c6 9. Nge2 O-O 10. h3 b5 11. a3 Re8 12. g4 Nh7 13. h4 Bxf4 14.
Nxf4 Be6 15. g5 Kh8 16. gxh6 gxh6 17. Bxh7 Kxh7 18. Nxe6 fxe6 19. Qf7+ Kh8 20. Rg1 Rg8 21. O-O-O Nd7 22. Rxg8+ 1-0